 Dungeon Sprint DCSS version 0.31-a0-640-g39d97e502b (webtiles) character file.

Game seed: 5031302800768990838

7860 sircluck the Brawler (level 11, -8/127 HPs)
             Began as a Troll Berserker on Aug 28, 2023.
             Was a High Priest of Trog.
             Succumbed to a redback's poison
             ... in the Dungeon (Sprint I: "Red Sonja").
             The game lasted 00:03:35 (539 turns).

sircluck the Brawler (Troll Berserker)               Turns: 539, Time: 00:03:36

Health: -8/127     AC:  4    Str: 30    XL:     11   Next: 2%
Magic:  10/10      EV: 13    Int:  7    God:    Trog [*****.]
Gold:   970        SH:  0    Dex:  8    Spells: 10/10 levels left

rFire   . .          .
                       - Unarmed
rCold   . . .        (no shield)
rNeg    . . .        a - +0 animal skin
rPois   .            (helmet restricted)
rElec   .            (no cloak)
rCorr   .            (gloves unavailable)
SInv    .            (boots unavailable)
Will    .....        (no amulet)
Stlth   +            (no ring)
HPRegen 1.21/turn    (no ring)
MPRegen 0.12/turn

%: no teleportation, random rage (3%)
@: lethally poisoned (-8 -> -72), on berserk cooldown, slowed, very slow
A: large, unfitting armour, claws 3, regeneration 1, shaggy fur 1, tough skin 1,
berserk 1, clever 1, screaming 1, inability to drink after injury 1, inability
to read after injury 1
a: Renounce Religion, Berserk, Trog's Hand, Brothers in Arms


You were in the Dungeon.
You worshipped Trog.
Trog was extremely pleased with you.
You visited 1 branch You collected 970 gold pieces.

Inventory:

Missiles
 b - 2 curare-tipped darts
 k - 6 stones
Armour
 a - a +0 animal skin (worn)
Wands
 h - a wand of polymorph (11)
Scrolls
 g - a scroll of blinking
 i - a scroll of enchant armour {unknown}
 m - a scroll of amnesia {unknown}
Potions
 c - 2 potions of heal wounds
 d - a potion of haste
 e - 2 potions of magic
 f - a potion of berserk rage
 l - 2 potions of curing


   Skills:
 + Level 13.5 Fighting
 + Level 13.4 Dodging
 + Level 15.7 Unarmed Combat


You had 10 spell levels left.
You didn't know any spells.
Your spell library was empty.

Dungeon Overview and Level Annotations

Branches:
Dungeon (1/1)

Altars:
Cheibriados
Dithmenos
Elyvilon
Fedhas
Gozag
Hepliaklqana
Kikubaaqudgha
Makhleb
Nemelex Xobeh
Okawaru
Qazlal
Ru
Sif Muna
Trog
Uskayaw
Vehumet
Wu Jian
Xom
Yredelemnul
Zin
The Shining One
Jiyva
Lugonu

Shops:
D !((([*[


Innate Abilities, Weirdness & Mutations

You are too large for most types of armour.
You have claws for hands.
Your natural rate of healing is unusually fast.
You are covered in fur. (AC +1)
You have tough skin. (AC +1)
You sometimes lose your temper in combat.
Your mind is acute. (Int +4, Str/Dex -1)
You occasionally shout uncontrollably at your foes.
You occasionally lose the ability to drink potions when taking damage.
You occasionally lose the ability to read scrolls when taking damage.


Message History

You destroy the oklob plant!
Trog accepts your kill.
You open the door.
Found 54 gold pieces. 2 redbacks come into view.
Found 54 gold pieces.
The redback moves out of view.
There is an open door here.
The redback barely misses you.
You see here 27 gold pieces.
You mangle the redback!!
The redback is almost dead.
The redback bites you! The redback closely misses you.
You mangle the redback!!
You kill the redback!
Trog accepts your kill.
You have reached level 11!
The redback bites you!
You are poisoned.
The redback poisons you!
Things that are here:
27 gold pieces; a redback corpse You mangle the redback!!
The redback is almost dead.
You feel extremely sick. The redback bites you! x2
You are more poisoned.
The redback poisons you!
You closely miss the redback.
The redback is almost dead.
You feel extremely sick. The redback bites you!
* * * LOW HITPOINT WARNING * * *
You are lethally poisoned!
The redback poisons you! The redback misses you.
You scratch the redback.
You kill the redback!
Trog accepts your kill.
* * * LOW HITPOINT WARNING * * *
You feel extremely sick.
You die...

#####'#__####...+
#...#.####.)#####
#..##.#~~~.§#..#
##'#_.'§§§..§..#
.÷..._#)~~§§#..#
##_.#'##+#####'###
###'#.#....###.'$#
###.####'###[###$#
.'.).'.†...'.∩##@#
##...###########§#
###.### #§#
#.#'#.# +$#
#.....# #§#
#.[.[.# #§#
####### # #


There were no monsters in sight!

Vanquished Creatures
  2 centaur warriors (D)
  Sonja (D)
  A deep troll (D)
  An oklob plant (D)
  2 kobold demonologists (D)
  A hornet (D)
  Sigmund (D)
  A yak (D)
  A slime creature (D)
  2 redbacks (D)
  2 floating eyes (D)
  An ogre (D)
  A jelly (D)
  Ijyb (D)
18 creatures vanquished.

Vanquished Creatures (collateral kills)
  8 shining eyes (D)
  3 floating eyes (D)
11 creatures vanquished.

Vanquished Creatures (others)
  2 ballistomycete spores (D)
2 creatures vanquished.

Grand Total: 31 creatures vanquished

Notes
Turn   | Place    | Note
-------+----------+-------------------------------------------
     0 | D        | sircluck the Troll Berserker began the quest for the Orb.
     0 | D        | Reached XP level 1. HP: 22/22 MP: 0/0
     1 | D        | Noticed Ijyb
     8 | D        | Killed Ijyb
     9 | D        | Reached skill level 4 in Unarmed Combat
     9 | D        | Reached XP level 2. HP: 32/32 MP: 1/1
    13 | D        | Noticed an ogre
    28 | D        | Killed an ogre
    29 | D        | Reached skill level 5 in Fighting
    29 | D        | Reached skill level 5 in Dodging
    29 | D        | Reached skill level 6 in Unarmed Combat
    29 | D        | Reached XP level 3. HP: 15/42 MP: 2/2
    29 | D        | Reached XP level 4. HP: 18/50 MP: 3/3
    59 | D        | Noticed Sigmund
    62 | D        | Killed Sigmund
    62 | D        | Reached ** piety under Trog
    63 | D        | Reached skill level 7 in Unarmed Combat
    63 | D        | Reached XP level 5. HP: 61/61 MP: 4/4
    63 | D        | Reached XP level 6. HP: 68/68 MP: 5/5
    77 | D        | Found an ornate altar of the Wu Jian Council.
    77 | D        | Found a shimmering blue altar of Sif Muna.
    79 | D        | Found a radiant altar of Vehumet.
    82 | D        | Reached skill level 8 in Unarmed Combat
   115 | D        | Found Ovvug's Weapon Emporium.
   115 | D        | Found an ancient bone altar of Kikubaaqudgha.
   115 | D        | Found a hazy altar of Hepliaklqana.
   115 | D        | Found a hide-covered altar of Uskayaw.
   115 | D        | Found a basalt altar of Yredelemnul.
   115 | D        | Found an opulent altar of Gozag.
   115 | D        | Found a snail-covered altar of Cheibriados.
   115 | D        | Found a sacrificial altar of Ru.
   115 | D        | Found a shadowy altar of Dithmenos.
   115 | D        | Noticed a yak
   120 | D        | Killed a yak
   121 | D        | Found a stormy altar of Qazlal.
   121 | D        | Found a blossoming altar of Fedhas.
   121 | D        | Found a bloodstained altar of Trog.
   121 | D        | Found an iron altar of Okawaru.
   121 | D        | Found a glowing golden altar of the Shining One.
   121 | D        | Found a glowing silver altar of Zin.
   121 | D        | Found a white marble altar of Elyvilon.
   123 | D        | Found a sparkling altar of Nemelex Xobeh.
   153 | D        | Found a burning altar of Makhleb.
   153 | D        | Found a viscous altar of Jiyva.
   153 | D        | Found a shimmering altar of Xom.
   153 | D        | Found a corrupted altar of Lugonu.
   153 | D        | Noticed a slime creature
   156 | D        | Killed a slime creature
   156 | D        | Reached *** piety under Trog
   157 | D        | Reached skill level 9 in Unarmed Combat
   157 | D        | Reached XP level 7. HP: 80/80 MP: 6/6
   226 | D        | Noticed a kobold demonologist
   226 | D        | Noticed a kobold demonologist
   231 | D        | Noticed a neqoxec
   233 | D        | Noticed an orange demon
   236 | D        | Noticed a red devil
   237 | D        | Noticed a rust devil
   237 | D        | Killed a kobold demonologist
   238 | D        | Reached skill level 10 in Unarmed Combat
   239 | D        | Killed a kobold demonologist
   239 | D        | Reached **** piety under Trog
   240 | D        | Reached skill level 11 in Unarmed Combat
   240 | D        | Reached XP level 8. HP: 85/92 MP: 7/7
   264 | D        | Noticed Sonja
   271 | D        | Killed Sonja
   272 | D        | Reached skill level 10 in Fighting
   272 | D        | Reached skill level 10 in Dodging
   288 | D        | Noticed a deep troll
   296 | D        | Killed a deep troll
   297 | D        | Reached skill level 12 in Unarmed Combat
   297 | D        | Reached XP level 9. HP: 23/102 MP: 8/8
   307 | D        | Found Hoalal's Armour Emporium.
   397 | D        | Found Jaxkoede's Distillery.
   408 | D        | Noticed a shining eye
   408 | D        | Noticed a shining eye
   408 | D        | Noticed a shining eye
   409 | D        | Paralysed by a floating eye for 4 turns
   413 | D        | Gained mutation: Your mind is acute. (Int +4, Str/Dex -1)
                  | [a shining eye]
   414 | D        | Noticed a shining eye
   414 | D        | Gained mutation: You occasionally shout uncontrollably at
                  | your foes. [a shining eye]
   416 | D        | Killed a shining eye
   417 | D        | Reached skill level 13 in Unarmed Combat
   421 | D        | Killed a shining eye
   422 | D        | Killed a shining eye
   423 | D        | Noticed a shining eye
   423 | D        | Noticed a shining eye
   425 | D        | Killed a shining eye
   426 | D        | Reached XP level 10. HP: 115/115 MP: 9/9
   427 | D        | Killed a shining eye
   427 | D        | Reached ***** piety under Trog
   427 | D        | Paralysed by a floating eye for 3 turns
   428 | D        | Reached skill level 14 in Unarmed Combat
   432 | D        | Killed a shining eye
   433 | D        | Noticed a shining eye
   433 | D        | Noticed a shining eye
   433 | D        | Gained mutation: You occasionally lose the ability to read
                  | scrolls when taking damage. [a shining eye]
   434 | D        | Gained mutation: You occasionally lose the ability to drink
                  | potions when taking damage. [a shining eye]
   438 | D        | Killed a shining eye
   440 | D        | Gained mutation: You sometimes lose your temper in combat.
                  | [a shining eye]
   443 | D        | Killed a shining eye
   443 | D        | Received a gift from Trog
   448 | D        | Found Nowurui's Antique Weapon Shoppe.
   448 | D        | Found Jaor Zoq's Antique Armour Shop.
   448 | D        | Found Riacki's Antique Weapon Emporium.
   448 | D        | Found Hoyxzesu's General Store.
   489 | D        | Noticed a centaur warrior
   489 | D        | Noticed a centaur warrior
   493 | D        | Killed a centaur warrior
   494 | D        | Reached skill level 15 in Unarmed Combat
   495 | D        | Killed a centaur warrior
   524 | D        | Noticed an oklob plant
   528 | D        | Killed an oklob plant
   535 | D        | Reached XP level 11. HP: 102/127 MP: 10/10
   539 | D        | Succumbed to a redback's poison

Illustrated notes

Levels and vault maps discovered:
D:        dungeon_sprint_1 [red_sonja_temple_1, red_sonja_temple_small_1]

Skill      XL: |  1  2  3  4  5  6  7  8  9 10 |
---------------+-------------------------------+-----
Fighting       | 3 5 6 8 9 10 12 13 | 13.5
Dodging        | 3 5 6 7 9 10 11 13 | 13.4
Unarmed Combat | 4 6 7 9 11 12 13 15 | 15.7

Action                     |  1- 3 |  4- 6 |  7- 9 | 10-12 || total
---------------------------+-------+-------+-------+-------++-------
  Melee: Unarmed           |    13 |    10 |    28 |    21 ||    72
         Punch             |       |     3 |     2 |     2 ||     7
 Invoke: Berserk           |     1 |     1 |       |       ||     2
         Brothers in Arms  |       |       |     2 |       ||     2
    Use: Potion            |       |       |     1 |     1 ||     2
 Armour: Animal skin       |       |     1 |     7 |     2 ||    10
  Dodge: Dodged            |     7 |     1 |    12 |     9 ||    29

Table legend: (Time is in decaauts)
 A = Elapsed time spent in this place.
 B = Non-inter-level travel time spent in this place.
 C = Inter-level travel time spent in this place.
 D = Time resting spent in this place.
 E = Time spent auto-exploring this place.
 F = Levels seen in this place.
 G = Mean time per level.
                   A        B        C        D        E       F      G
               +--------+--------+--------+--------+--------+-----+--------+
         Total |    559 |    552 |      7 |     98 |    101 |   1 |  559.0 |
       Dungeon |    559 |    552 |      7 |     98 |    101 |   1 |  559.0 |
               +--------+--------+--------+--------+--------+-----+--------+

Top non-repeatable levels by time:
       D: 559 daAuts
